 Dungeon Crawl Stone Soup version 0.28.0-43-g3370ac3207 (webtiles) character file.

Game seed: 770160804950782242

49 Zeld the Magician (level 3, 0/19 HPs)
             Began as a Deep Elf Fire Elementalist on Mar 12, 2022.
             Slain by an adder (2 damage)
             ... on level 2 of the Dungeon.
             The game lasted 00:01:26 (1972 turns).

Zeld the Magician (Deep Elf Fire Elementalist)      Turns: 1972, Time: 00:01:27

Health: 0/19       AC:  2    Str:  5    XL:     3   Next: 51%
Magic:  4/10       EV: 13    Int: 21    God:
Gold:   26         SH:  0    Dex: 15    Spells: 7/10 levels left

rFire   . . .      SeeInvis .   (no weapon)
rCold   . . .      Faith    .   (no shield)
rNeg    . . .      Spirit   .   a - +0 robe
rPois   .          Reflect  .   (no helmet)
rElec   .          Harm     .   (no cloak)
rCorr   .          Rampage  .   (no gloves)
Will    .....                   (no boots)
Stlth   +.........              (no amulet)
HPRegen 0.06/turn               (no ring)
MPRegen 0.12/turn               (no ring)

@: confused
A: no striking features
a: no special abilities


You were on level 2 of the Dungeon.
You visited 1 branch of the dungeon, and saw 2 of its levels.

You collected 26 gold pieces.

Inventory:

Armour
 a - a +0 robe (worn)
Scrolls
 b - a scroll of enchant armour {unknown}
 c - a scroll of magic mapping {unknown}
 e - a scroll of fear {unknown}
 f - 3 scrolls of identify {unknown}
 g - a scroll of teleportation {unknown}
Potions
 d - a potion of degeneration {unknown}


   Skills:
 + Level 2.7 Dodging
 + Level 2.9 Stealth
 * Level 4.0 Spellcasting
 + Level 1.5 Conjurations
 * Level 3.8 Fire Magic


You had 7 spell levels left.
You knew the following spells:

 Your Spells              Type           Power      Damage    Failure   Level
a - Foxfire               Conj/Fire      60%        2x1d7     3%          1
b - Scorch                Fire           40%        2d7       3%          2

Your spell library contained the following spells:

 Spells                   Type           Power      Damage    Failure   Level
 Conjure Flame            Conj/Fire      15%        6-21      12%         3
 Inner Flame              Hex/Fire       12%        N/A       16%         3
 Flame Wave               Conj/Fire      15%        2d6       36%         4


Dungeon Overview and Level Annotations

Branches:
Dungeon (2/15)

Altars:


Message History

The orc wizard gestures wildly while chanting.
The orc wizard flickers and vanishes!
Deactivating autopickup; reactivate with Ctrl-A.
The kobold hits you with a +0 club.
The kobold throws a stone.
The stone barely misses you.
The kobold throws a stone.
The stone closely misses you.
The kobold throws a stone.
The stone closely misses you.
The kobold throws a stone.
The stone barely misses you.
You are confused.
You're too confused to move!
You are more confused.
The kobold throws a stone.
The stone closely misses you.
You see here a worm corpse.
The kobold throws a stone.
The stone hits you.
You see here a worm corpse.
You completely miss something. Something hits you.
You're too confused to move!
Something hits you.
An adder comes into view.
You're too confused to cast spells.
Unknown command.
The adder hisses angrily.
You're too confused to move!
You hear some strange, mumbled words.
You are more confused.
You see here a +0 leather armour.
You're too confused to move!
The adder closely misses you. The kobold closely misses you.
Something hits you. The adder bites you.
The kobold throws a stone.
The stone barely misses you. The adder completely misses you.
You hear some strange, mumbled words.
You are more confused.
The adder bites you.
* * * LOW HITPOINT WARNING * * *
You miss the adder. The adder misses you.
The kobold throws a stone.
The stone completely misses you. The adder bites you.
* * * LOW HITPOINT WARNING * * *
The adder bites you.
You die...

### ### #. #.. ..# #. #.# #.# #.
#.# #.# #. ########.### #.# #.
#######....[.....#####.########.
#.............{..'............†.
#.#####.†.....S..##.##.########.
#.# #.......K@.##.##.# #.
##{#####..........##.##.# #.
#K....##############.##.# ##
#..##'## ^..#.# #......# ####.#
#......# #.# .......# ...
##.##.## ##)##.#####


You could see an adder and a kobold.

Vanquished Creatures
  An adder (D:2)
  A worm (D:2)
  An orc (D:2)
  4 endoplasms (D:1)
  A giant cockroach (D:1)
  2 goblins (D:1)
  5 hobgoblins
  2 quokkas (D:1)
  3 ball pythons
  6 bats (D:1)
  5 kobolds (D:1)
  A rat (D:1)
32 creatures vanquished.

Vanquished Creatures (others)
  109 foxfires
109 creatures vanquished.

Grand Total: 141 creatures vanquished

Notes
Turn   | Place    | Note
-------+----------+-------------------------------------------
     0 | D:1      | Zeld the Deep Elf Fire Elementalist began the quest for the
                  | Orb.
     0 | D:1      | Reached XP level 1. HP: 10/10 MP: 6/6
   394 | D:1      | Reached XP level 2. HP: 10/15 MP: 4/8
   631 | D:1      | Learned a level 2 spell: Scorch
  1334 | D:1      | Reached XP level 3. HP: 19/19 MP: 7/10
  1863 | D:2      | Reached skill level 4 in Spellcasting
  1972 | D:2      | Slain by an adder

Illustrated notes

Levels and vault maps discovered:
D:1:      nagdon_arrival_zigzag_paths, layout_basic
D:2:      layout_basic, basic_altar

Skill      XL: |  1  2  3 |
---------------+----------+-----
Spellcasting   | 4 |  4.0
Dodging        | |  2.7
Stealth        | |  2.9
Conjurations   | |  1.5
Fire Magic     | |  3.8

Action                   || total
-------------------------++-------
Melee: Unarmed           ||     2
 Cast: Foxfire           ||    65
       Scorch            ||     5
Armor: Robe              ||     6
Dodge: Dodged            ||    36
